 Dungeon Crawl Stone Soup version 0.18.1-8-gdd0e5ea (webtiles) character file.

3505 OrDronus the Shield-Bearer (level 10, -5/77 HPs)
             Began as a Human Fighter on June 1, 2016.
             Was a Follower of the Shining One.
             Slain by blejac99's ghost (10 damage)
             ... in a bailey.
             The game lasted 00:57:36 (9130 turns).

OrDronus the Shield-Bearer (Human Fighter)          Turns: 9130, Time: 00:57:37

Health: -5/77      AC: 17    Str: 22    XL:     10   Next: 28%
Magic:  19/19      EV: 12    Int:  8    God:    the Shining One [*.....]
Gold:   482        SH: 11    Dex: 16    Spells: 0 memorised, 9 levels left

rFire  . . .     SeeInvis +     q - +1 mace (protect)
rCold  . . .     Gourm    .     b - +1 scale mail
rNeg   . . .     Faith    .     c - +0 shield
rPois  .         Spirit   .     t - +0 helmet (curse)
rElec  .         Dismiss  .     T - +0 cloak
rCorr  .         Reflect  .     (no gloves)
SustAt .         Harm     .     G - +0 pair of boots
MR     .....                    (no amulet)
Stlth  ..........               Q - ring of magical power
                                L - ring of see invisible

@: mighty, glowing, not resistant to hostile enchantments, extremely unstealthy
A: no striking features
a: Renounce Religion


You were in a bailey.
You worshipped the Shining One.
The Shining One was aware of your devotion.
You were hungry.

You visited 1 branch of the dungeon, and saw 9 of its levels.
You also visited: Bailey.

You collected 482 gold pieces.

Inventory:

Hand Weapons
 a - a +0 flail
 q - a +1 mace of protection (weapon)
 r - a +0 hunting sling
Missiles
 k - 28 sling bullets
 m - 66 bolts
Armour
 b - a +1 scale mail (worn)
 c - a +0 shield (worn)
 t - a cursed +0 helmet (worn)
 G - a +0 pair of boots (worn)
 T - a +0 cloak (worn)
Jewellery
 p - an uncursed ring of ice {unknown}
 L - a ring of see invisible (left hand)
 Q - a ring of magical power (right hand)
 S - a +3 ring of strength {unknown}
Wands
 i - a wand of paralysis (10/24)
 y - a wand of random effects (27/48)
 A - a wand of flame (16/48)
 H - a wand of paralysis (21/24)
 K - a wand of iceblast (10/15)
 V - a wand of enslavement (13/24)
Scrolls
 e - 5 scrolls of identify
 h - a scroll of remove curse
 u - a scroll of fog {unknown}
 w - a scroll of magic mapping
 x - a scroll of noise {unknown}
 B - 3 scrolls of teleportation
 D - 2 scrolls of amnesia
 I - 2 scrolls of enchant weapon
 O - a scroll of blinking
 P - 2 scrolls of fear
Potions
 g - a potion of agility
 j - a potion of brilliance
 n - 2 potions of cure mutation
 o - a potion of invisibility
 s - 3 potions of curing
 v - 2 potions of ambrosia
 C - a potion of resistance
 J - a potion of haste
 M - a potion of lignification
 N - a potion of magic
Books
 U - a book of Summonings

   Spells                             Type                      Level
   a - Recall                         Summoning/Translocation      3
   b - Aura of Abjuration             Summoning                    5
   c - Summon Demon                   Summoning                    5
   d - Summon Forest                  Summoning/Translocation      5
   e - Summon Mana Viper              Hexes/Summoning              5
   f - Shadow Creatures               Summoning                    6
Comestibles
 f - 6 bread rations
 z - 6 meat rations
 E - 2 beef jerkies
 F - 2 slices of pizza


   Skills:
 + Level 6.7 Fighting
 + Level 6.4 Maces & Flails
 + Level 6.2 Armour
 + Level 6.6 Dodging
 + Level 7.5 Shields


You had 9 spell levels left.
You didn't know any spells.

Dungeon Overview and Level Annotations

Branches:
Dungeon (9/15)               Lair (0/8) D:9
 Temple: D:4-7          Orc: D:9-12

Altars:
Cheibriados
Elyvilon
Fedhas
Gozag
Nemelex Xobeh
Sif Muna
Vehumet
Xom
The Shining One

Annotations:
D:9 Maurice Bailey blejac99's ghost, journeyman HuFi


Message History

You feel much better. You block blejac99's ghost's attack.
You hit blejac99's ghost but do no damage.
Blejac99's ghost is moderately damaged.
The orc warrior hits you from afar with a bardiche!
You block blejac99's ghost's attack.
You barely miss blejac99's ghost.
Blejac99's ghost is moderately damaged.
Blejac99's ghost hits you!
* * * LOW HITPOINT WARNING * * *
The orc warrior closely misses you.
Drink which item? (? for menu, Esc to quit)
You feel much better.
Blejac99's ghost whispers, "The ORB doesn't exist."
Blejac99's ghost hits you! The orc warrior misses you.
You thump blejac99's ghost!
Blejac99's ghost is heavily damaged.
Blejac99's ghost hits you!!
* * * LOW HITPOINT WARNING * * *
Blejac99's ghost hits you!
You die...

#∩.≈≈..#
##.≈≈..#
#.≈≈o.##
#.≈oo## .
#.≈o##...
#.≈o#####
#.≈oo....
#.≈≈≈≈≈≈≈
#@W......
#########


You could see an orc warrior, blejac99's ghost and 6 orcs.

Vanquished Creatures
  The ghost of GordonOverkill the Spear-Bearer, a novice TeBe of Trog (D:7)
  Eustachio (D:5)
  The ghost of Leafly the Skirmisher, an amateur FoAK of Lugonu (D:3)
  A hungry ghost (D:8)
  3 sky beasts
  2 ice beasts (D:8)
  4 ogres
  A phantom (D:6)
  2 centaurs
  A big kobold (D:8)
  5 giant frogs
  2 scorpions
  A water moccasin skeleton (D:8)
  A wyvern skeleton (D:7)
  5 howler monkeys
  4 crimson imps
  2 centaur zombies
  A giant frog zombie (D:5)
  4 hounds
  2 orc priests
  An orc wizard (D:5)
  2 giant frog skeletons (D:8)
  A gnoll shaman (D:6)
  An iguana (D:8)
  Terence (D:2)
  2 worker ants
  A hound skeleton (D:5)
  Robin (D:2)
  8 adders
  9 gnolls
  2 shadow imps
  2 oozes
  2 adder skeletons
  4 worms
  3 dart slugs
  8 giant geckos
  17 orcs
  7 bats
  4 giant cockroaches
  11 hobgoblins
  5 jackals
  18 kobolds
  7 quokkas
  2 ball pythons
  7 giant newts
  17 goblins
  A jackal skeleton (D:7)
  6 rats
194 creatures vanquished.

Notes
Turn   | Place    | Note
--------------------------------------------------------------
     0 | D:1      | OrDronus the Human Fighter began the quest for the Orb.
     0 | D:1      | Reached XP level 1. HP: 18/18 MP: 1/1
   132 | D:1      | Reached XP level 2. HP: 20/24 MP: 2/2
   289 | D:1      | Reached XP level 3. HP: 25/29 MP: 3/3
   947 | D:2      | Reached skill level 1 in Dodging
   960 | D:2      | Noticed Robin
   970 | D:1      | Reached XP level 4. HP: 28/35 MP: 4/4
  1628 | D:2      | Noticed Terence
  1655 | D:2      | Killed Terence
  1655 | D:2      | Reached XP level 5. HP: 30/42 MP: 5/5
  1710 | D:2      | Killed Robin
  2639 | D:3      | Noticed Leafly's ghost (amateur FoAK)
  2692 | D:3      | Killed Leafly's ghost
  2692 | D:3      | Reached XP level 6. HP: 23/48 MP: 6/6
  3008 | D:3      | Reached skill level 4 in Shields
  3650 | D:3      | Reached XP level 7. HP: 53/55 MP: 7/7
  3983 | D:2      | Found a blossoming altar of Fedhas.
  4171 | D:2      | Found a deep blue altar of Sif Muna.
  4731 | D:5      | Entered Level 5 of the Dungeon
  4964 | D:5      | Noticed Eustachio
  5019 | D:5      | Killed Eustachio
  5089 | D:5      | Reached XP level 8. HP: 58/61 MP: 8/8
  5747 | D:5      | Reached skill level 5 in Fighting
  5747 | D:5      | Reached skill level 5 in Shields
  5851 | D:5      | Found a white marble altar of Elyvilon.
  5905 | D:6      | Found a snail-covered altar of Cheibriados.
  6532 | D:6      | Found an opulent altar of Gozag.
  6554 | D:6      | Reached skill level 5 in Armour
  6554 | D:6      | Reached XP level 9. HP: 51/68 MP: 9/9
  6646 | D:6      | Reached skill level 5 in Maces & Flails
  6703 | D:6      | Reached skill level 6 in Shields
  6813 | D:6      | Found a glowing golden altar of the Shining One.
  6829 | D:6      | Became a worshipper of the Shining One
  6856 | D:6      | Reached skill level 5 in Dodging
  7198 | D:7      | Found a shimmering altar of Xom.
  7244 | D:7      | Noticed GordonOverkill's ghost (novice TeBe)
  7275 | D:7      | Killed GordonOverkill's ghost
  7360 | D:7      | Found a deep blue altar of Sif Muna.
  8046 | D:8      | Found a sparkling altar of Nemelex Xobeh.
  8075 | D:8      | Reached * piety under the Shining One
  8284 | D:8      | Reached skill level 7 in Shields
  8284 | D:8      | Reached XP level 10. HP: 77/77 MP: 10/10
  8635 | D:9      | Noticed Maurice
  8999 | D:9      | Found a radiant altar of Vehumet.
  9032 | D:9      | Found a flagged portal.
  9038 | Bailey   | Entered a bailey
  9109 | Bailey   | Noticed blejac99's ghost (journeyman HuFi)
  9130 | Bailey   | Slain by blejac99's ghost

Skill      XL: |  1  2  3  4  5  6  7  8  9 10 |
---------------+-------------------------------+-----
Dodging        | 1 2 3 4 6 |  6.6
Fighting       | 4 5 6 |  6.7
Maces & Flails | 3 4 5 6 |  6.4
Shields        | 4 5 7 |  7.5
Armour         | 4 5 6 |  6.2

Action                   |  1- 3 |  4- 6 |  7- 9 | 10-12 || total
-------------------------+-------+-------+-------+-------++-------
Melee: Flail             |   121 |   245 |    61 |       ||   427
       Mace              |       |       |   504 |   177 ||   681
  Use: Scroll            |     3 |     7 |     9 |     1 ||    20
       Potion            |       |     1 |     7 |     3 ||    11
  Eat: Chunk             |       |     9 |    18 |     3 ||    30
Armor: Scale mail        |    53 |    78 |   243 |    96 ||   470
Dodge: Dodged            |    34 |    72 |   201 |   119 ||   426
Block: Shield            |    71 |   117 |   290 |   151 ||   629
